 Dungeon Crawl Stone Soup version 0.27-a0-1434-g6f15984924 (webtiles) character file.

Game seed: 540258371727355942

11 27snakeeyes612 the Shield-Bearer (level 2, 0/19 HPs)
             Began as a Gargoyle Fighter on July 3, 2021.
             Slain by a bat (1 damage)
             ... on level 2 of the Dungeon.
             The game lasted 00:01:02 (544 turns).

27snakeeyes612 the Shield-Bearer (Gargoyle Fighter)  Turns: 544, Time: 00:01:03

Health: 0/19       AC:  9    Str: 19    XL:     2   Next: 25%
Magic:  2/2        EV:  4    Int:  8    God:
Gold:   0          SH:  9    Dex:  9    Spells: 1/1 levels left

rFire    . . .     SeeInvis .   a - +0 flail
rCold    . . .     Faith    .   c - +0 kite shield
rNeg     + . .     Spirit   .   b - +0 scale mail
rPois    ∞         Reflect  .   (no helmet)
rElec    +         Harm     .   (no cloak)
rCorr    .         Rampage  .   (no gloves)
Will     .....                  (no boots)
Stlth    ..........             (no amulet)
HPRegen  0.06/turn              (no ring)
MPRegen  0.08/turn              (no ring)

@: mighty, constricted
A: sickness immunity, AC +2, negative energy resistance 1, electricity
resistance, torment resistance 1, petrification resistance
a: no special abilities


You were on level 2 of the Dungeon.
You visited 1 branch of the dungeon, and saw 2 of its levels.

Inventory:

Hand Weapons
 a - a +0 flail (weapon)
Armour
 b - a +0 scale mail (worn)
 c - a +0 kite shield (worn)


   Skills:
 + Level 3.5 Fighting
 + Level 2.2 Maces & Flails
 + Level 3.4 Armour
 + Level 3.5 Shields


You had one spell level left.
You didn't know any spells.
Your spell library was empty.

Dungeon Overview and Level Annotations

Branches:
Dungeon (1/15)

Altars:
Sif Muna


Innate Abilities, Weirdness & Mutations

You are immune to sickness and miasma.
Your stone body is resilient. (AC +2)
You are immune to poison.
You resist negative energy. (rN+)
You are resistant to electric shocks. (rElec)
You are resistant to unholy torment.
You are immune to petrification.


Message History

The bat hits you but does no damage. x2
You block the bat's attack. The bat hits you but does no damage.
The bat hits you but does no damage. You block the bat's attack.
You block the bat's attack. You block the bat's attack.
The bat hits you but does no damage. The bat hits you.
The bat barely misses you. The bat barely misses you.
The bat hits you but does no damage. The bat hits you but does no damage.
You block the bat's attack. The bat barely misses you.
The bat hits you but does no damage. You block the bat's attack.
A ball python comes into view.
The ball python hisses angrily.
You block the bat's attack. The bat barely misses you.
You block the bat's attack. The bat hits you but does no damage.
You block the bat's attack. The bat hits you but does no damage. x2
The bat closely misses you.
You block the bat's attack. x2; The ball python bites you.
* * * LOW HITPOINT WARNING * * *
The ball python grabs you. The ball python constricts you.
The bat hits you but does no damage. You block the ball python's attack.
The ball python constricts you. The bat barely misses you.
The ball python bites you but does no damage.
The ball python constricts you. You block the bat's attack.
The ball python bites you.
* * * LOW HITPOINT WARNING * * *
The ball python constricts you. You block the bat's attack. x2
The ball python bites you but does no damage.
The ball python constricts you. The bat hits you but does no damage.
You block the bat's attack. The ball python barely misses you.
The ball python constricts you.
The ball python bites you but does no damage.
* * * LOW HITPOINT WARNING * * *
The ball python constricts you. The bat barely misses you.
You block the ball python's attack. The ball python constricts you.
You feel very mighty all of a sudden. The bat hits you.
You die...

#. .. ##. ..
.# #. .# ..
#.## #####.#
.
#.S###.....#
#@##.....:#
#b##..._..#
#Sg.......#
##.##.....#
#.###..#.#
#.# ##...#
..# ###.#
..#
##'########
#..#
#...##.....


You could see an adder, a goblin, a bat and a ball python.

Vanquished Creatures
  An endoplasm (D:1)
  A hobgoblin (D:2)
  2 ball pythons
  3 bats (D:2)
  A frilled lizard (D:2)
  A goblin (D:2)
  2 kobolds
  2 rats (D:1)
13 creatures vanquished.

Notes
Turn   | Place    | Note
-------+----------+-------------------------------------------
     0 | D:1      | 27snakeeyes612 the Gargoyle Fighter began the quest for the
                  | Orb.
     0 | D:1      | Reached XP level 1. HP: 14/14 MP: 1/1
   304 | D:1      | You fall into a shaft and drop 1 floor!
   315 | D:2      | Reached XP level 2. HP: 15/19 MP: 2/2
   501 | D:2      | Found a shimmering blue altar of Sif Muna.
   544 | D:2      | Slain by a bat

Illustrated notes

Levels and vault maps discovered:
D:1:      zaba_arrival_water, layout_loops_ring
D:2:      layout_basic, basic_ecumenical_altar, basic_altar

Action                   || total
-------------------------++-------
Melee: Flail             ||    46
  Use: Potion            ||     2
Armor: Scale mail        ||    66
Dodge: Dodged            ||    42
Block: Kite shield       ||    66

Table legend: (Time is in decaauts)
 A = Elapsed time spent in this place.
 B = Non-inter-level travel time spent in this place.
 C = Inter-level travel time spent in this place.
 D = Time resting spent in this place.
 E = Time spent auto-exploring this place.
 F = Levels seen in this place.
 G = Mean time per level.
                   A        B        C        D        E       F      G
               +--------+--------+--------+--------+--------+-----+--------+
         Total |    561 |    561 |      0 |      0 |    364 |   2 |  280.5 |
       Dungeon |    561 |    561 |      0 |      0 |    364 |   2 |  280.5 |
               +--------+--------+--------+--------+--------+-----+--------+

Top non-repeatable levels by time:
     D:1: 318 daAuts
     D:2: 243 daAuts
